[Event "Titled Tuesday Blitz May 10 Early 2022"]
[White "Jarovinsky, Alexey"]
[Black "Jian, Alex"]
[WhiteFideId "14115131"]
[BlackFideId "30901022"]
[WhiteElo "2446"]
[BlackElo "2111"]
[Result "1-0"]
[Round "01"]
[TimeControl "180+1"]
[Date "2022.05.11"]
[WhiteClock "0:02:10"]
[BlackClock "0:00:51"]

1. Nc3 d5 2. e4 d4 3. Nce2 e5 4. Ng3 Be6 5. c3 c5 6. Bb5+ Nc6 7. Nf3 Bd6 8. d3 Ne7 9. Ng5 Bd7 10. Bc4 O-O 11. Qh5 h6 12. Nxf7 Rxf7 13. Qxf7+ Kh7 14. Bxh6 Qh8 15. Bg5 Be8 16. Qe6 1-0


[Site "https://www.chess.com"]

[Event "Titled Tuesday Blitz May 10 Early 2022"]
[White "Jaskolka, Tomasz"]
[Black "Visakh N R"]
[WhiteFideId "1170791"]
[BlackFideId "25012223"]
[WhiteElo "2073"]
[BlackElo "2448"]
[Result "0-1"]
[Round "01"]
[TimeControl "180+1"]
[Date "2022.05.11"]
[WhiteClock "0:01:00"]
[BlackClock "0:01:06"]

1. d4 Nf6 2. Bf4 b6 3. c4 Bb7 4. Nc3 e6 5. e3 Bb4 6. Nf3 O-O 7. Be2 d5 8. O-O dxc4 9. Bxc4 a6 10. h3 c5 11. dxc5 Bxc5 12. Qxd8 Rxd8 13. Rad1 Nbd7 14. Ne5 b5 15. Bb3 Nb6 16. a3 h6 17. Bh2 Rac8 18. Ne2 Bd5 19. Bxd5 Nfxd5 20. Nd4 Ne7 21. Nb3 Bd6 22. Nf3 Bxh2+ 23. Kxh2 Na4 24. Rxd8+ Rxd8 25. Rb1 f6 26. Nbd2 Nd5 27. Nd4 e5 28. N4f3 Rc8 29. b3 Nab6 30. Rd1 Rc2 31. Kg3 Nc3 32. Ra1 e4 33. Nxe4 Nxe4+ 34. Kf4 Nxf2 35. a4 Nd5+ 36. Kg3 Ne4+ 37. Kh2 Nxe3 38. Ne1 Rb2 39. axb5 axb5 40. Kh1 Ng3+ 41. Kg1 Nc2 42. Nxc2 Rxc2 43. Ra5 Ne2+ 44. Kf2 Nd4+ 45. Ke3 Nxb3 46. Rxb5 Rxg2 47. Kf3 Nd4+ 48. Kxg2 Nxb5 49. Kg3 Kf7 50. Kh4 g5+ 51. Kh5 Nd4 52. h4 Nf5 53. hxg5 hxg5 54. Kg4 Kg6 55. Kh3 Nh6 56. Kg2 f5 57. Kg3 g4 58. Kf4 Kf6 59. Kg3 Kg5 60. Kh2 f4 61. Kg2 f3+ 62. Kh2 Kf4 63. Kg1 g3 64. Kh1 Ng4 65. Kg1 Ne3 66. Kh1 Kg4 67. Kg1 f2+ 68. Kh1 g2+ 69. Kh2 g1=Q# 0-1


[Site "https://www.chess.com"]

[Event "Titled Tuesday Blitz May 10 Early 2022"]
[White "Jeet, Jain"]
[Black "parintele_chess"]
[WhiteFideId "5073022"]
[WhiteElo "2028"]
[BlackElo "2210"]
[Result "1-0"]
[Round "01"]
[TimeControl "180+1"]
[Date "2022.05.11"]
[WhiteClock "0:00:26"]
[BlackClock "0:00:01"]

1. Nf3 Nf6 2. e3 g6 3. b3 Bg7 4. Bb2 O-O 5. c4 c5 6. Nc3 d5 7. d4 cxd4 8. exd4 Nc6 9. Be2 Bg4 10. c5 b6 11. cxb6 Qxb6 12. Na4 Qd8 13. O-O Ne4 14. h3 Bd7 15. Rc1 Rc8 16. Nc5 Bf5 17. g4 Nxc5 18. Rxc5 Be4 19. Nd2 Bxd4 20. Bxd4 Nxd4 21. Nxe4 Nxe2+ 22. Qxe2 dxe4 23. Rxc8 Qxc8 24. Qxe4 e6 25. Qd4 Qc2 26. Qxa7 Rd8 27. Qb6 Rd3 28. Qb8+ Kg7 29. Qe5+ Kg8 30. Kg2 Qxa2 31. Ra1 Qd2 32. Ra8+ Rd8 33. Rxd8+ Qxd8 34. b4 Qa8+ 35. Kg3 Qa3+ 36. f3 Qxb4 37. h4 Qd2 38. h5 Qd5 39. Qb8+ Kg7 40. Qb2+ e5 41. Qc1 e4 42. h6+ Kf6 43. Qf4+ Ke6 44. fxe4 Qd3+ 45. Kh4 Qd8+ 46. g5 Qd6 47. Qf6+ Kd7 48. Qxf7+ Kc6 49. Qc4+ Kb6 50. Qb3+ Kc6 51. Qg3 1-0


[Site "https://www.chess.com"]

[Event "Titled Tuesday Blitz May 10 Early 2022"]
[White "Jobava, Baadur"]
[Black "Ronka, Erik"]
[WhiteFideId "13601520"]
[BlackFideId "505080"]
[WhiteElo "2617"]
[BlackElo "2264"]
[Result "0-1"]
[Round "01"]
[TimeControl "180+1"]
[Date "2022.05.10"]
[WhiteClock "0:00:33"]
[BlackClock "0:00:11"]

1. e4 c5 2. Nf3 e6 3. d4 cxd4 4. Nxd4 Nf6 5. Nc3 d6 6. Bd3 Nc6 7. Be3 Be7 8. O-O O-O 9. h3 Nxd4 10. Bxd4 e5 11. Be3 Be6 12. Qe2 h6 13. Rfd1 a6 14. a4 Qa5 15. Qd2 Qb4 16. a5 Rac8 17. Na4 Qxd2 18. Rxd2 d5 19. Nb6 d4 20. Nxc8 Rxc8 21. Bxd4 exd4 22. e5 Nd7 23. Be4 Rc7 24. f4 Bb4 25. Rdd1 f5 26. Ra4 Be7 27. Bd3 Nc5 28. Rxd4 Nxd3 29. R4xd3 Rxc2 30. Rc3 Rxc3 31. bxc3 Kf8 32. Kf2 Ke8 33. Kf3 Bd8 34. Ra1 Kd7 35. g4 Kc6 36. Rd1 Bc7 37. Rg1 g6 38. gxf5 Bxf5 39. h4 h5 40. Ra1 Kc5 41. Re1 Kd5 42. c4+ Ke6 43. Ra1 Bd3 44. Ke3 Bf5 45. Kd4 Bd8 46. Kc5 Bxh4 47. Rd1 Bf2+ 48. Kb4 h4 49. Rd2 Be3 50. Rd6+ Ke7 51. c5 h3 52. Rb6 Be4 53. f5 h2 54. f6+ Kf7 55. Rd6 h1=Q 56. Rd7+ Kf8 57. Rd8+ Kf7 58. Rd7+ Ke6 59. Re7+ Kf5 60. f7 Qb1+ 0-1


[Site "https://www.chess.com"]

[Event "Titled Tuesday Blitz May 10 Early 2022"]
[White "Juhasz, Agoston"]
[Black "Van den Dikkenberg, Erik"]
[WhiteFideId "778346"]
[BlackFideId "1005880"]
[WhiteElo "2211"]
[BlackElo "2118"]
[Result "1-0"]
[Round "01"]
[TimeControl "180+1"]
[Date "2022.05.11"]
[WhiteClock "0:00:39"]
[BlackClock "0:00:25"]

1. Nf3 c5 2. e4 d6 3. Bb5+ Nd7 4. O-O Nf6 5. Re1 g6 6. c3 Bg7 7. d4 O-O 8. h3 a6 9. Bf1 b5 10. a4 b4 11. Nbd2 Bb7 12. d5 a5 13. Nc4 Ne8 14. Qc2 Ne5 15. Nfxe5 dxe5 16. Ne3 Nd6 17. c4 Bc8 18. Bd2 f5 19. f3 fxe4 20. fxe4 Bh6 21. Be2 Bf4 22. Rf1 Bd7 23. Bg4 Bxg4 24. Nxg4 Qd7 25. Bxf4 exf4 26. Ne5 Qc7 27. Nc6 Rf7 28. e5 Nf5 29. Rxf4 Raf8 30. Qd2 Ng3 31. Rxf7 Rxf7 32. Re1 Nf5 33. Rf1 Kg7 34. b3 Qd7 35. e6 1-0


[Site "https://www.chess.com"]

[Event "Titled Tuesday Blitz May 10 Early 2022"]
[White "Kamsky, Gata"]
[Black "Ajay Krishna, S"]
[WhiteFideId "2000024"]
[BlackFideId "5096430"]
[WhiteElo "2645"]
[BlackElo "2247"]
[Result "1-0"]
[Round "01"]
[TimeControl "180+1"]
[Date "2022.05.11"]
[WhiteClock "0:01:13"]
[BlackClock "0:00:02"]

1. e4 c5 2. Nf3 d6 3. d4 cxd4 4. Nxd4 Nf6 5. Nc3 a6 6. a4 e5 7. Nf3 Qc7 8. Bg5 Nbd7 9. Nd2 Be7 10. Nc4 b6 11. Ne3 Bb7 12. Bd3 O-O 13. O-O Rfe8 14. Qe2 h6 15. Bxf6 Nxf6 16. Rfd1 Bf8 17. Qf3 Rac8 18. Bc4 Qc5 19. Bb3 Qb4 20. Ned5 Bxd5 21. Nxd5 Nxd5 22. Rxd5 Rc7 23. h4 Rec8 24. Rd3 g6 25. h5 Kg7 26. Rad1 g5 27. Qf5 Qc5 28. Rf3 f6 29. Qg6+ Kh8 30. Qg8# 1-0


[Site "https://www.chess.com"]

[Event "Titled Tuesday Blitz May 10 Early 2022"]
[White "Kazakouski, Valery"]
[Black "Akhmedinov, Satbek"]
[WhiteFideId "13507443"]
[BlackFideId "13714287"]
[WhiteElo "2524"]
[BlackElo "1846"]
[Result "1-0"]
[Round "01"]
[TimeControl "180+1"]
[Date "2022.05.11"]
[WhiteClock "0:01:32"]
[BlackClock "0:00:37"]

1. d4 Nf6 2. c3 g6 3. Bg5 d5 4. Bxf6 exf6 5. e3 Bg7 6. Nf3 c6 7. Bd3 Nd7 8. O-O O-O 9. c4 Nb6 10. cxd5 Nxd5 11. Nc3 f5 12. Qb3 Nb6 13. Rac1 Be6 14. Qc2 f4 15. exf4 Bd5 16. Ne5 f6 17. Ng4 f5 18. Ne5 Bh6 19. g3 Kh8 20. Rfe1 Rc8 21. a4 Bg8 22. Rcd1 Nd5 23. Bc4 Nf6 24. Bxg8 Nxg8 25. Qb3 b6 26. Nf7+ Rxf7 27. Qxf7 Rc7 28. Qe8 Qd6 29. d5 Bg7 30. dxc6 Qxc6 31. Rd8 Qc4 32. Nd5 1-0


[Site "https://www.chess.com"]

[Event "Titled Tuesday Blitz May 10 Early 2022"]
[White "Keymer, Vincent"]
[Black "Di Nicolantonio, Lucas"]
[WhiteFideId "12940690"]
[BlackFideId "680460"]
[WhiteElo "2548"]
[BlackElo "2381"]
[Result "1/2-1/2"]
[Round "01"]
[TimeControl "180+1"]
[Date "2022.05.10"]
[WhiteClock "0:00:10"]
[BlackClock "0:00:25"]

1. Nf3 g6 2. c4 Bg7 3. Nc3 d6 4. d4 f5 5. g3 Nf6 6. Bg2 O-O 7. O-O Nc6 8. b3 e5 9. dxe5 dxe5 10. Ba3 e4 11. Bxf8 Qxf8 12. Nd2 Be6 13. Qc1 Rd8 14. Rd1 Ng4 15. Nf1 Rxd1 16. Nxd1 Bxa1 17. Qxa1 Qf6 18. Qxf6 Nxf6 19. f3 Nd4 20. Nc3 exf3 21. exf3 Kf7 22. f4 c6 23. Nd2 Ng4 24. Nf3 Nxf3+ 25. Bxf3 Nf6 26. Kf2 Ke7 27. Ke3 Kd6 28. Kd3 a5 29. a3 Nd7 30. b4 axb4 31. axb4 b6 32. h3 h6 33. h4 Nf6 34. Kd4 Nd7 35. b5 c5+ 36. Kd3 Nf6 37. Na4 Kc7 38. Nc3 Kd6 39. Nd1 Nd7 40. Ne3 Nf6 41. Kc3 Bf7 42. Kc2 Be6 43. Kd3 Bf7 44. Ng2 Be6 45. Kc3 Bf7 46. Ne3 Be6 47. Nd1 Bf7 48. Nf2 Be6 49. Nd3 Nd7 50. Bc6 Nf6 51. Bf3 Nd7 52. Bg2 Bf7 53. Bh1 Be6 54. Ba8 Bf7 55. Bc6 Be6 56. Bxd7 Bxd7 57. Ne5 Be8 58. Kd3 g5 59. hxg5 hxg5 60. Nf3 g4 61. Ng1 Bd7 62. Ne2 Be6 63. Nc3 Bf7 64. Na4 Kc7 65. Kc3 Be6 66. Nb2 Bf7 67. Nd3 Kd6 68. Ne5 Be6 69. Nc6 Bd7 70. Ne5 Be6 71. Kb3 Kc7 72. Nd3 Kd6 73. Nf2 Kc7 74. Nd1 Kd6 75. Ne3 Kc7 76. Kc3 Kd6 77. Nd1 Kc7 78. Nb2 Kd6 79. Kd3 Kc7 80. Na4 Bd7 81. Kd2 Be6 82. Kc3 Bd7 83. Nb2 Be6 84. Nd1 Bd7 85. Ne3 Be6 86. Ng2 Bd7 87. Nh4 Be6 88. Ng6 Kd6 89. Nf8 Bc8 90. Ng6 Be6 91. Ne5 1/2-1/2


[Site "https://www.chess.com"]

[Event "Titled Tuesday Blitz May 10 Early 2022"]
[White "Kohler, Aran"]
[Black "Guz, Ari"]
[WhiteFideId "1002856"]
[BlackFideId "2825759"]
[WhiteElo "2304"]
[BlackElo "1913"]
[Result "1-0"]
[Round "01"]
[TimeControl "180+1"]
[Date "2022.05.11"]
[WhiteClock "0:01:41"]
[BlackClock "0:00:37"]

1. d4 d5 2. Nf3 Bf5 3. c4 c6 4. Nc3 e6 5. Qb3 Qb6 6. c5 Qa6 7. e4 b5 8. exf5 exf5 9. Bd3 g6 10. O-O Nf6 11. Re1+ Ne4 12. Ne5 Bg7 13. f3 Bxe5 14. fxe4 Bxd4+ 15. Be3 Bxe3+ 16. Rxe3 d4 17. Ree1 dxc3 18. exf5+ Kf8 19. Qxc3 Rg8 20. f6 Nd7 21. a4 Re8 22. axb5 Qc8 23. Rxe8+ Qxe8 24. bxc6 Ne5 25. Re1 Qxc6 26. Qxe5 Qd7 27. Qb8+ 1-0


[Site "https://www.chess.com"]

[Event "Titled Tuesday Blitz May 10 Early 2022"]
[White "Kwon, Sehyun"]
[Black "Estrada Nieto, Julian"]
[WhiteFideId "13203088"]
[BlackFideId "5101018"]
[WhiteElo "1778"]
[BlackElo "2252"]
[Result "0-1"]
[Round "01"]
[TimeControl "180+1"]
[Date "2022.05.11"]
[WhiteClock "0:00:01"]
[BlackClock "0:00:06"]

1. e4 e5 2. Nf3 Nc6 3. Bb5 a6 4. Ba4 Nf6 5. d3 d6 6. c3 g6 7. O-O Bg7 8. Re1 O-O 9. Nbd2 Re8 10. Nf1 h6 11. Ng3 b5 12. Bb3 Na5 13. Bc2 c5 14. h3 Bb7 15. a4 b4 16. d4 b3 17. Bb1 exd4 18. cxd4 c4 19. Bd2 Rc8 20. Bc3 d5 21. e5 Ne4 22. Bxe4 dxe4 23. Nxe4 Bxe4 24. Rxe4 Qd5 25. Qe2 Nc6 26. Re1 a5 27. Nd2 Nb4 28. Rd1 Re6 29. Re3 Nc2 30. Rg3 Nxd4 31. Bxd4 Qxd4 32. Nf3 Qc5 33. Rg4 Bxe5 34. Qd2 Bg7 35. Rc1 c3 36. bxc3 Qa3 37. Rb1 Rec6 38. c4 Rxc4 39. Rxc4 Rxc4 40. Qxa5 Rc2 41. Qd8+ Kh7 42. Qd3 Qa2 43. Rxb3 Rxf2 44. Ne1 Re2 45. Qg3 Qa1 46. Kf1 Ra2 47. Re3 Bc3 0-1


[Site "https://www.chess.com"]

[Event "Titled Tuesday Blitz May 10 Early 2022"]
[White "Lashkin, Jegor"]
[Black "Zlatin, Alexander"]
[WhiteFideId "13907808"]
[BlackFideId "2810549"]
[WhiteElo "2368"]
[BlackElo "2228"]
[Result "0-1"]
[Round "01"]
[TimeControl "180+1"]
[Date "2022.05.11"]
[WhiteClock "0:00:04"]
[BlackClock "0:00:13"]

1. e4 e5 2. Nf3 Nc6 3. Nc3 Nf6 4. d4 exd4 5. Nxd4 Bb4 6. Nxc6 bxc6 7. Bd3 d5 8. exd5 cxd5 9. O-O O-O 10. h3 c6 11. Qf3 Bd6 12. Bf4 Rb8 13. b3 Rb4 14. Bxd6 Qxd6 15. Qg3 Qxg3 16. fxg3 Be6 17. Na4 Nd7 18. a3 Rbb8 19. b4 a5 20. bxa5 Ra8 21. a6 c5 22. Bb5 c4 23. Bxd7 Bxd7 24. Nb6 Ra7 25. Nxd5 Rxa6 26. Rf3 Ra5 27. Nb6 Be6 28. Rf4 c3 29. Ra4 Rb5 30. Rb4 Re5 31. Rf1 Re2 32. Rf2 Re1+ 33. Kh2 Ra1 34. a4 g6 35. Rf3 Ra3 36. Nc4 Bxc4 37. Rxc4 Ra8 38. Rc7 Rf8 39. Rfxc3 Rxa4 40. g4 Kg7 41. Rf3 Ra1 42. Kg3 Rc1 43. h4 Re1 44. g5 Re4 45. c4 Re5 46. c5 Re4 47. Rf4 Re3+ 48. Kf2 Rc3 49. g3 Rc2+ 50. Kf3 Rc3+ 51. Kg4 Rc2 52. h5 gxh5+ 53. Kxh5 Rh2+ 54. Kg4 Rc2 55. Kf5 Rc3 56. g4 Re8 57. Rc6 Rc2 58. g6 hxg6+ 59. Kg5 f6+ 60. Kh4 g5+ 61. Kg3 gxf4+ 62. Kxf4 Rc4+ 63. Kf3 Re5 64. Rc7+ Kg6 65. c6 Rec5 66. Rc8 Rxc6 67. Rg8+ Kf7 68. Rd8 Rc7 69. Rd1 Rc3+ 70. Kf4 R7c4+ 71. Kf5 Rf3# 0-1


[Site "https://www.chess.com"]

[Event "Titled Tuesday Blitz May 10 Early 2022"]
[White "Le Ruyet, Leopold"]
[Black "Molina, Roberto Junio Brito"]
[WhiteFideId "645923"]
[BlackFideId "2109450"]
[WhiteElo "2276"]
[BlackElo "2432"]
[Result "0-1"]
[Round "01"]
[TimeControl "180+1"]
[Date "2022.05.11"]
[WhiteClock "0:01:14"]
[BlackClock "0:02:02"]

1. c4 c6 2. Nf3 d5 3. e3 Nf6 4. b3 Bg4 5. Bb2 Nbd7 6. Be2 e6 7. O-O Bd6 8. d4 Qe7 9. Nbd2 O-O 10. h3 Bh5 11. Qc2 a5 12. a4 Bb4 13. Bd3 Rac8 14. c5 b6 15. cxb6 Nxb6 16. Rac1 c5 17. Qb1 c4 18. bxc4 Bxf3 19. gxf3 Bxd2 0-1


[Site "https://www.chess.com"]

[Event "Titled Tuesday Blitz May 10 Early 2022"]
[White "Leiva, Gianmarco"]
[Black "Demin, Vladimir"]
[WhiteFideId "3804399"]
[BlackFideId "4167457"]
[WhiteElo "2323"]
[BlackElo "2428"]
[Result "0-1"]
[Round "01"]
[TimeControl "180+1"]
[Date "2022.05.11"]
[WhiteClock "0:00:01"]
[BlackClock "0:00:11"]

1. Nf3 d5 2. g3 Nd7 3. d4 Ngf6 4. Bg2 e6 5. O-O b5 6. c3 Bb7 7. a4 b4 8. a5 Ba6 9. Re1 Be7 10. Bg5 O-O 11. Bxf6 gxf6 12. e4 dxe4 13. Rxe4 f5 14. Re1 Bb7 15. a6 Bd5 16. Ra5 c6 17. Ra4 Rb8 18. Nbd2 Nb6 19. Ra1 bxc3 20. bxc3 Bf6 21. Qe2 c5 22. dxc5 Nd7 23. Qe3 Qc7 24. Qh6 Bg7 25. Qh4 Qxc5 26. Rac1 Rb2 27. c4 Ba8 28. Re3 h6 29. Nb3 Qa3 30. Nbd4 Qxa6 31. Rd3 Nc5 32. Rdd1 Ne4 33. Rf1 Nd2 34. Nxd2 Bxg2 35. Kxg2 Rxd2 36. Nf3 Rd3 37. Qf4 Qc6 38. Rfe1 Bf6 39. Re3 Bg5 40. Qe5 Bxe3 41. fxe3 Rd2+ 42. Kg1 Qxf3 43. Qf4 Qg2# 0-1


[Site "https://www.chess.com"]

[Event "Titled Tuesday Blitz May 10 Early 2022"]
[White "Levine, David"]
[Black "Khabinets, Ivan"]
[WhiteFideId "2011611"]
[BlackFideId "14115980"]
[WhiteElo "2023"]
[BlackElo "2114"]
[Result "0-1"]
[Round "01"]
[TimeControl "180+1"]
[Date "2022.05.11"]
[WhiteClock "0:00:21"]
[BlackClock "0:01:16"]

1. d4 d5 2. c4 e6 3. g3 Nf6 4. Bg2 Be7 5. Nf3 O-O 6. O-O dxc4 7. Qc2 b5 8. a4 Bb7 9. axb5 a6 10. Nc3 axb5 11. Rxa8 Bxa8 12. Nxb5 Bd5 13. Nc3 Bxf3 14. Bxf3 c5 15. dxc5 Bxc5 16. Bg5 Nbd7 17. Ne4 Be7 18. Qxc4 Ne5 19. Qc2 Nxf3+ 20. exf3 Nd5 21. Bd2 Qb6 22. Rb1 Qb7 23. Qc4 Rc8 24. Qd3 Rd8 25. Qc4 h6 26. b4 Nb6 27. Qc2 Qd5 28. Be3 Nc4 29. Bc5 Bxc5 30. Nxc5 Na3 31. Qb3 Nxb1 32. Qxb1 Rb8 33. Qe1 Qc4 34. Qe4 Rxb4 35. Qa8+ Kh7 36. Nd7 Rb1+ 37. Kg2 Qf1# 0-1


[Site "https://www.chess.com"]

[Event "Titled Tuesday Blitz May 10 Early 2022"]
[White "Li, Xueyi"]
[Black "Issani, Nameer"]
[WhiteFideId "8605912"]
[BlackFideId "2619130"]
[WhiteElo "2091"]
[BlackElo "2720"]
[Result "1-0"]
[Round "01"]
[TimeControl "180+1"]
[Date "2022.05.11"]
[WhiteClock "0:00:20"]
[BlackClock "0:00:01"]

1. d4 Nf6 2. c4 e6 3. g3 Bb4+ 4. Bd2 Qe7 5. Bg2 O-O 6. e3 Bxd2+ 7. Qxd2 d6 8. Ne2 e5 9. O-O Nbd7 10. Nbc3 c6 11. b4 e4 12. b5 d5 13. cxd5 cxd5 14. Nf4 Nb6 15. a4 Nc4 16. Qa2 Be6 17. Nxe6 Qxe6 18. Rfc1 Rac8 19. Ne2 Qf5 20. Nf4 g5 21. Bh3 g4 22. Bf1 Nd6 23. Rc5 Rxc5 24. dxc5 Nde8 25. Rd1 Nc7 26. b6 axb6 27. cxb6 Ne6 28. Nxd5 Kg7 29. Qa1 Ng5 30. Qxf6+ Qxf6 31. Nxf6 Kxf6 32. Rd7 Rc8 33. Rc7 Rd8 34. Be2 Rd2 35. Bxg4 Nf3+ 36. Bxf3 exf3 37. Rc1 Ra2 38. h3 h5 39. Rc4 Ke5 40. Rf4 f5 41. Rxf3 Ra1+ 42. Kg2 Rxa4 43. Rf4 Ra2 44. Rb4 Rc2 45. g4 hxg4 46. hxg4 Rc6 47. gxf5 Kxf5 48. f4 Rh6 49. Kg3 Rg6+ 50. Kf3 Rh6 51. Rb5+ Ke6 52. Rc5 Kd6 53. Rc7 Rh3+ 54. Ke4 Rh1 55. Rxb7 Rb1 56. Rb8 Rb4+ 57. Kf3 Kc5 58. b7 Kc4 59. Rc8+ Kb3 60. b8=Q 1-0


[Site "https://www.chess.com"]

[Event "Titled Tuesday Blitz May 10 Early 2022"]
[White "Liyanage, Ranindu Dilshan"]
[Black "Muradov, Soltan"]
[WhiteFideId "9915834"]
[BlackFideId "14002108"]
[WhiteElo "1858"]
[BlackElo "1854"]
[Result "0-1"]
[Round "01"]
[TimeControl "180+1"]
[Date "2022.05.11"]
[WhiteClock "0:00:06"]
[BlackClock "0:00:03"]

1. e4 e5 2. Nf3 Nf6 3. d4 Nxe4 4. Bd3 d5 5. Nxe5 Bd6 6. Nc3 Nxc3 7. bxc3 Bxe5 8. dxe5 c5 9. c4 dxc4 10. Bxc4 Qxd1+ 11. Kxd1 Nc6 12. Bb2 Bg4+ 13. Ke1 O-O 14. f4 Nb4 15. Rc1 Bf5 16. Bb3 c4 17. Bxc4 Rac8 18. Bb3 Rfd8 19. Ke2 Nxc2 20. h3 h5 21. Rhd1 Nb4 22. Ba3 a5 23. Rxd8+ Rxd8 24. Rc7 Rd7 25. Rc8+ Kh7 26. Ra8 Nd3 27. Ke3 b6 28. Bd6 Nc5 29. Bc4 Be6 30. Bb5 Rb7 31. Bc6 Rd7 32. Bxd7 Nxd7 33. a3 Kg6 34. Bc7 Kf5 35. Ra6 Bd5 36. g3 g5 37. Ra7 h4 38. gxh4 gxf4+ 39. Kf2 Nxe5 40. Bxb6 Nd3+ 41. Kf1 f3 42. Rxa5 Ke4 43. Bf2 Bc4 44. Kg1 Nf4 45. Ba7 Nxh3+ 46. Kh2 f2 47. Bxf2 Nxf2 48. Rc5 Kd4 49. Rc7 Ng4+ 50. Kg3 Nf6 51. a4 Ne4+ 52. Kf4 Nc5 53. a5 Ne6+ 54. Kf5 Nxc7 55. h5 Be6+ 56. Kf6 Ne8+ 57. Ke7 Nd6 58. h6 Nf5+ 0-1


[Site "https://www.chess.com"]

[Event "Titled Tuesday Blitz May 10 Early 2022"]
[White "Ljukin, Sergei"]
[Black "Demchenko, Anton"]
[WhiteFideId "14102200"]
[BlackFideId "4160258"]
[WhiteElo "2312"]
[BlackElo "2539"]
[Result "0-1"]
[Round "01"]
[TimeControl "180+1"]
[Date "2022.05.10"]
[WhiteClock "0:00:05"]
[BlackClock "0:00:17"]

1. e4 e5 2. Nf3 Nc6 3. Bb5 a6 4. Ba4 Nge7 5. d4 exd4 6. Nxd4 Nxd4 7. Qxd4 Nc6 8. Bxc6 dxc6 9. Qxd8+ Kxd8 10. Bg5+ f6 11. Bf4 Be6 12. Nc3 Kc8 13. O-O-O b6 14. e5 f5 15. Ne2 c5 16. Be3 Bf7 17. h4 Be7 18. Nf4 Re8 19. Rd2 Kb7 20. Rd7 Rad8 21. Rhd1 Rxd7 22. Rxd7 Kc6 23. Rd1 Bxh4 24. Nd3 Be7 25. f4 h5 26. Ne1 Bd5 27. Nf3 h4 28. Rh1 Rh8 29. Rh3 Rh6 30. Kd2 a5 31. Ke2 a4 32. a3 Rg6 33. Kf2 Rg4 34. g3 hxg3+ 35. Rxg3 Rxg3 36. Kxg3 b5 37. Ng5 b4 38. c3 bxa3 39. bxa3 c4 40. Bc1 Bc5 41. Nf3 Bxf3 42. Kxf3 Kd5 43. Bb2 Be7 44. Bc1 c6 45. Ke3 g5 46. Kf3 g4+ 47. Ke3 Bc5+ 48. Ke2 Ke4 49. Bd2 Bxa3 0-1


[Site "https://www.chess.com"]

[Event "Titled Tuesday Blitz May 10 Early 2022"]
[White "Lodici, Lorenzo"]
[Black "Cremisi, Daniel"]
[WhiteFideId "884189"]
[BlackFideId "2089882"]
[WhiteElo "2265"]
[BlackElo "2172"]
[Result "0-1"]
[Round "01"]
[TimeControl "180+1"]
[Date "2022.05.10"]
[WhiteClock "0:01:47"]
[BlackClock "0:01:47"]

1. c4 e5 2. Nc3 Nc6 3. e3 Nf6 4. g4 h6 5. h3 d5 6. cxd5 Nxd5 7. a3 Be7 8. Bg2 Be6 9. Nge2 O-O 10. d3 Qd7 11. f4 exf4 12. Nxd5 Bxd5 13. e4 Be6 14. Nxf4 Bh4+ 15. Kf1 Qd4 16. Qe2 Rad8 17. Be3 Qe5 18. Rc1 Nd4 19. Qd1 Bg5 20. Nd5 Bxe3 21. Nxe3 Qf4+ 22. Kg1 Qxe3+ 23. Kh2 Qf4+ 24. Kg1 Qxc1 25. Qxc1 Ne2+ 26. Kf2 Nxc1 0-1


[Site "https://www.chess.com"]

[Event "Titled Tuesday Blitz May 10 Early 2022"]
[White "Lomaia, Diana"]
[Black "Rohith Krishna S"]
[WhiteFideId "13612476"]
[BlackFideId "46617051"]
[WhiteElo "1744"]
[BlackElo "2117"]
[Result "0-1"]
[Round "01"]
[TimeControl "180+1"]
[Date "2022.05.11"]
[WhiteClock "0:00:41"]
[BlackClock "0:01:35"]

1. d4 c5 2. d5 Nf6 3. Nc3 g6 4. e4 d6 5. Nf3 Bg7 6. Bc4 O-O 7. O-O a6 8. a4 Nbd7 9. Re1 Rb8 10. Bf4 Nh5 11. Bg3 Nxg3 12. hxg3 Qa5 13. Qd2 Qb4 14. Qd3 Qxb2 15. Ne2 b5 16. axb5 axb5 17. Ba2 c4 18. Qe3 Ra8 19. Reb1 Rxa2 20. Rxb2 Rxa1+ 21. Kh2 Bxb2 22. Ned4 Ne5 23. Nxe5 dxe5 24. Nxb5 Bd7 25. Nc7 Bd4 26. Qe2 Rc8 27. Qxc4 Ra7 0-1


[Site "https://www.chess.com"]

[Event "Titled Tuesday Blitz May 10 Early 2022"]
[White "Lucas, Arthur"]
[Black "Cunjalo, Faris"]
[WhiteFideId "26093073"]
[BlackFideId "14410710"]
[WhiteElo "2129"]
[BlackElo "2263"]
[Result "0-1"]
[Round "01"]
[TimeControl "180+1"]
[Date "2022.05.10"]
[WhiteClock "0:00:02"]
[BlackClock "0:00:15"]

1. e4 Nf6 2. e5 Nd5 3. d4 d6 4. c4 Nb6 5. exd6 cxd6 6. Nc3 g6 7. Be3 Bg7 8. Rc1 O-O 9. b3 Nc6 10. d5 Ne5 11. Be2 a5 12. f4 Ned7 13. Nf3 Nc5 14. O-O Bd7 15. Bd4 Bg4 16. Bxg7 Kxg7 17. Qd4+ Kg8 18. Ng5 Bxe2 19. Nxe2 Nbd7 20. Rc3 f6 21. Ne6 Nxe6 22. dxe6 Nc5 23. f5 gxf5 24. Rxf5 Kh8 25. Nf4 Rg8 26. Rh3 Rg7 27. Nh5 Rg6 28. Qh4 Qg8 29. Nf4 Rg5 30. Rd5 Qg7 31. g3 Rg8 32. Nh5 Qh6 33. Nf4 Qxh4 34. Rxh4 Re5 35. Rxe5 dxe5 36. Nd5 Rg7 37. a3 Nxe6 38. b4 axb4 39. axb4 Kg8 40. Re4 Kf7 41. Re1 Rg8 42. Ra1 Rc8 43. c5 Rd8 44. Nb6 Rd4 45. Rb1 f5 0-1


[Site "https://www.chess.com"]

[Event "Titled Tuesday Blitz May 10 Early 2022"]
[White "Maghsoodloo, Parham"]
[Black "Ferreira, Vitor Hugo Vieira"]
[WhiteFideId "12539929"]
[BlackFideId "2119765"]
[WhiteElo "2630"]
[BlackElo "2165"]
[Result "1-0"]
[Round "01"]
[TimeControl "180+1"]
[Date "2022.05.10"]
[WhiteClock "0:01:02"]
[BlackClock "0:00:07"]

1. e4 c5 2. Nf3 d6 3. d4 cxd4 4. Nxd4 Nf6 5. Nc3 a6 6. Bg5 e6 7. f4 Be7 8. Qf3 Qc7 9. O-O-O h6 10. Bh4 Nbd7 11. g4 g5 12. fxg5 Ne5 13. Qe2 Nfxg4 14. Nf5 exf5 15. Nd5 Qc5 16. Nxe7 Qe3+ 17. Qxe3 Nxe3 18. Nxc8 Rxc8 19. Rxd6 hxg5 20. Bxg5 Nxf1 21. Rxf1 Rxh2 22. Rxf5 Rcxc2+ 23. Kd1 Nc6 24. Re5+ Kf8 25. Bh6+ Kg8 26. Rg5+ Kh7 27. Rg7+ Kh8 28. Rg1 Rcg2 29. Rxg2 Rxg2 30. Bd2 Kg8 31. Rd7 Ne5 32. Rxb7 Nc4 33. Bc3 Ne3+ 34. Kc1 Rc2+ 35. Kb1 Rg2 36. a4 f5 37. Rb8+ Kf7 38. Rb7+ Ke6 39. Rb6+ Kd7 40. exf5 Nxf5 41. Rxa6 Kc7 42. Rf6 Ne3 43. a5 Rg1+ 44. Ka2 Nc2 45. a6 Ra1+ 46. Kb3 Ne3 47. Be5+ Kd7 48. a7 Ng4 49. Rf8 Nxe5 50. a8=Q 1-0


[Site "https://www.chess.com"]

[Event "Titled Tuesday Blitz May 10 Early 2022"]
[White "Maksimenko, Viktor"]
[Black "Schut, Han"]
[WhiteFideId "13710478"]
[BlackFideId "1005561"]
[WhiteElo "2269"]
[BlackElo "2057"]
[Result "1-0"]
[Round "01"]
[TimeControl "180+1"]
[Date "2022.05.11"]
[WhiteClock "0:01:56"]
[BlackClock "0:00:20"]

1. d4 Nf6 2. c4 g6 3. Nc3 d5 4. cxd5 Nxd5 5. e4 Nxc3 6. bxc3 Bg7 7. Bc4 c5 8. Ne2 Nc6 9. Be3 O-O 10. O-O Qc7 11. Rc1 Rd8 12. d5 Na5 13. Bd3 c4 14. Bb1 e6 15. f4 exd5 16. e5 Nc6 17. Nd4 Nxd4 18. Bxd4 b5 19. Qf3 a5 20. Rce1 Bf5 21. Bxf5 gxf5 22. g4 Qd7 23. Kh1 fxg4 24. Qg3 h5 25. f5 Kf8 26. Qh4 Re8 27. Qxh5 g3 28. f6 1-0


[Site "https://www.chess.com"]

[Event "Titled Tuesday Blitz May 10 Early 2022"]
[White "Manukian, Artak"]
[Black "Morefield, Jason"]
[WhiteFideId "13301373"]
[BlackFideId "30920825"]
[WhiteElo "2406"]
[BlackElo "2171"]
[Result "0-1"]
[Round "01"]
[TimeControl "180+1"]
[Date "2022.05.11"]
[WhiteClock "0:00:47"]
[BlackClock "0:00:03"]

1. e4 d6 2. d4 Nf6 3. Nc3 g6 4. g3 Bg7 5. Bg2 O-O 6. Nge2 e5 7. O-O c6 8. h3 b5 9. dxe5 dxe5 10. Qxd8 Rxd8 11. a3 Nbd7 12. Bg5 h6 13. Bxf6 Bxf6 14. Rfd1 Bb7 15. Nc1 Nc5 16. Nb3 Nxb3 17. cxb3 a5 18. Rxd8+ Rxd8 19. Rd1 Rd4 20. Bf3 Bc8 21. h4 Be6 22. a4 Bxb3 23. Rxd4 exd4 24. Bd1 dxc3 25. Bxb3 cxb2 26. Ba2 bxa4 27. f4 Bd4+ 28. Kf1 c5 29. Ke2 c4 30. g4 Kg7 31. h5 gxh5 32. gxh5 a3 33. Kd1 Be3 34. f5 Kf6 35. Kc2 c3 36. Kxc3 Ke5 37. Kb3 Kxe4 38. Kxa3 Bc1 39. Bb1+ Kf4 40. Ka4 Kg5 41. Kxa5 Kxh5 42. Kb4 Kg5 43. Kc3 h5 44. Ba2 f6 45. Kc2 Kxf5 46. Bf7 Kg4 47. Be6+ f5 0-1


[Site "https://www.chess.com"]